 Dungeon Crawl Stone Soup version 0.19.5 (webtiles) character file.

93 Monsterracer the Cudgeler (level 4, -1/49 HPs)
             Began as an Ogre Warper on Sept 12, 2017.
             Was a Believer of Lugonu.
             Killed by nerve-wracking pain
             ... invoked by an orc priest
              (8 damage)
             ... on level 3 of the Dungeon.
             The game lasted 00:04:28 (2393 turns).

Monsterracer the Cudgeler (Ogre Warper)             Turns: 2393, Time: 00:04:29

Health: -1/49      AC: 10    Str: 17    XL:     4   Next: 61%
Magic:  7/7        EV: 10    Int: 12    God:    Lugonu [**....]
Gold:   115        SH:  0    Dex:  9    Spells: 0 memorised, 7 levels left

rFire  . . .     SeeInvis .     p - +3 mace (protect)
rCold  . . .     Gourm    .     b - +0 robe
rNeg   . . .     Faith    .     (no shield)
rPois  .         Spirit   .     (helmet restricted)
rElec  .         Reflect  .     (no cloak)
rCorr  .         Harm     .     (gloves unavailable)
MR     .....                    (boots unavailable)
Stlth  +.........               (no amulet)
                                (no ring)
                                (no ring)

@: protection aura
A: unfitting armour, tough skin 1
a: Depart the Abyss, Bend Space, Renounce Religion


You were on level 3 of the Dungeon.
You worshipped Lugonu.
Lugonu was pleased with you.
You were not hungry.

You visited 1 branch of the dungeon, and saw 3 of its levels.

You collected 115 gold pieces.

Inventory:

Hand Weapons
 p - a +3 mace of protection (weapon)
Missiles
 l - 145 stones (quivered)
Armour
 b - a +0 robe (worn)
Scrolls
 d - a scroll of blinking
 h - a scroll of enchant weapon
 j - 2 scrolls of identify
Potions
 i - a potion of brilliance
Books
 c - a book of Spatial Translocations

   Spells                             Type                      Level
   a - Blink                          Translocation                2
   b - Shroud of Golubria             Charms/Translocation         2
   c - Lesser Beckoning               Translocation                3
   d - Portal Projectile              Translocation                3
   e - Teleport Other                 Translocation                3
   f - Passage of Golubria            Translocation                4
Comestibles
 f - 2 bread rations
 g - 4 beef jerkies
 k - 3 chunks of flesh
 m - a meat ration


   Skills:
 * Level 4.5 Fighting
 * Level 4.5 Maces & Flails
 + Level 1.5 Throwing
 - Level 2.1 Dodging
 - Level 2.4 Spellcasting
   Level 2.1 Translocations
 + Level 0.4 Invocations


You had 7 spell levels left.
You didn't know any spells.

Dungeon Overview and Level Annotations

Branches:
Dungeon (3/15)

Altars:
Hepliaklqana
Xom
Yredelemnul
Lugonu


Innate Abilities, Weirdness & Mutations

You are too large for most types of armour.
You have tough skin. (AC +1)


Message History

The orc closely misses you. The orc hits you but does no damage. x2
You hit the orc priest but do no damage.
The orc closely misses you. The orc hits you but does no damage.
The orc priest mumbles some strange prayers to Beogh against you.
Beogh smites you!
* * * LOW HITPOINT WARNING * * *
The orc barely misses you. The orc closely misses you.
The orc barely misses you. The orc priest barely misses you.
Huge Dmg: -26%(-13hp) hp: 17%(8hp)
You hit the orc priest.
The orc priest is heavily wounded.
The orc hits you with a short sword.
* * * LOW HITPOINT WARNING * * *
The orc misses you. The orc barely misses you. x2
Huge Dmg: -4%(-2hp) hp: 13%(6hp)
You hit the orc priest.
The orc priest is severely wounded.
The orc priest calls down the wrath of Beogh upon you.
Pain shoots through your body!
You die...

#.# #.# .# #.# ### .#
#.# #.. .# #.# #.# .#
#.#### #.######.#
###.#..# #.#....#.# #.#
.##....###.#.##.#o#....#
................@or.>#
..<.#..#...#.#.!oo..<..#
.......#.###.#..#.##.#.#
.........# #.#..#.# ..
.......### #.####.# #
.......# #.. .# .......#
### ## .......# ...###.#


You could see an orc priest, 3 orcs and a rat.

Vanquished Creatures
  3 adders
  A worm (D:3)
  A dart slug (D:1)
  3 leopard geckos
  6 orcs (D:3)
  3 bats (D:1)
  3 giant cockroaches
  5 goblins (D:1)
  7 hobgoblins
  2 jackals (D:3)
  2 ball pythons
  A frilled lizard (D:3)
  7 kobolds
  5 rats
49 creatures vanquished.

Notes
Turn   | Place    | Note
-------+----------+-------------------------------------------
     0 | D:1      | Monsterracer the Ogre Warper began the quest for the Orb.
     0 | D:1      | Reached XP level 1. HP: 22/22 MP: 3/3
   230 | D:1      | Reached XP level 2. HP: 25/31 MP: 5/5
   531 | D:1      | HP: 13/31 [leopard gecko (4)]
   931 | D:1      | Reached XP level 3. HP: 26/39 MP: 6/6
  1720 | D:2      | Found a hazy altar of Hepliaklqana.
  1979 | D:2      | Found a shimmering altar of Xom.
  1979 | D:2      | Found a faded altar of an unknown god.
  1984 | D:2      | Found a faded altar of an unknown god.
  1986 | D:2      | Found a faded altar of an unknown god.
  1988 | D:2      | Found a faded altar of an unknown god.
  1999 | D:2      | Became a worshipper of Xom of Chaos
  2007 | D:2      | Fell from the grace of Xom
  2007 | D:2      | Became a worshipper of Lugonu the Unformed
  2007 | D:2      | Reached * piety under Lugonu
  2007 | D:2      | Reached ** piety under Lugonu
  2063 | D:2      | Found a basalt altar of Yredelemnul.
  2065 | D:2      | You fall through a shaft!
  2125 | D:3      | Reached XP level 4. HP: 45/48 MP: 7/7
  2389 | D:3      | HP: 24/49 [orc priest/war axe (3)]
  2391 | D:3      | HP: 8/49 [orc priest/divine providence (13)]
  2393 | D:3      | Killed from afar by an orc priest

Skill      XL: |  1  2  3 |
---------------+----------+-----
Fighting       | 3 4 |  4.5
Maces & Flails | 3 4 |  4.5
Throwing       | |  1.5
Dodging        | |  2.1
Spellcasting   | |  2.4
Translocations | |  2.1
Invocations    | |  0.4

Action                   |  1- 3 |  4- 6 || total
-------------------------+-------+-------++-------
Melee: Mace              |   123 |    43 ||   166
Throw: Tomahawk          |     5 |       ||     5
  Use: Scroll            |     6 |       ||     6
  Eat: Chunk             |     4 |     1 ||     5
Armor: Robe              |    34 |    33 ||    67
Dodge: Dodged            |    92 |    43 ||   135
